 Dungeon Sprint DCSS version 0.30.1-11-g7821555f0a (webtiles) character file.

Game seed: 13828692162413239545

709 Heoruswealwe the Spear-Bearer (level 7, -7/73 HPs)
             Began as a Minotaur Fighter on Nov 7, 2023.
             Was an Initiate of Gozag.
             Mangled by an orc warrior
             ... wielding a +4 glaive
              (10 damage)
             ... in the Dungeon (Sprint IX: "|||||||||||||||||||||||||||||").
             The game lasted 00:01:16 (121 turns).

Heoruswealwe the Spear-Bearer (Minotaur Fighter)     Turns: 121, Time: 00:01:16

Health: -7/73      AC:  8    Str: 22    XL:     7   Next: 40%
Magic:  6/6        EV: 10    Int:  5    God:    Gozag
Gold:   0          SH:  0    Dex: 10    Spells: 6/6 levels left

rFire   . . .        b - +2 halberd (venom)
rCold   . . .        (shield currently unavailable)
rNeg    . . .        c - +0 scale mail
rPois   .            (helmet restricted)
rElec   .            (no cloak)
rCorr   .            (no gloves)
SInv    .            (no boots)
Will    .....        (no amulet) Stlth
                     (no ring)
HPRegen 0.32/turn    (no ring)
MPRegen 0.10/turn

%: no teleportation
@: no status effects
A: horns 2, retaliatory headbutt
a: Renounce Religion, Potion Petition, Call Merchant, Bribe Branch


You were in the Dungeon.
You worshipped Gozag.
Gozag was noncommittal.
You visited 1 branch

Inventory:

Hand Weapons
 a - a +0 trident
 b - a +2 halberd of venom (weapon)
Armour
 c - a +0 scale mail (worn)
 d - a +0 buckler
Jewellery
 l - a +3 ring of intelligence
 m - a +2 ring of evasion
Wands
 h - a wand of quicksilver (10)
Scrolls
 j - 2 scrolls of blinking
Potions
 e - 5 potions of curing
 f - 3 potions of heal wounds
 g - a potion of haste
 i - a potion of berserk rage
 k - a potion of might


   Skills:
 + Level 10.4 Fighting
 * Level 13.7 Polearms
 + Level 10.4 Armour
 - Level 3.6 Shields


You had 6 spell levels left.
You didn't know any spells.
Your spell library was empty.

Dungeon Overview and Level Annotations

Branches:
Dungeon (1/1)

Altars:
Cheibriados
Dithmenos
Elyvilon
Fedhas
Gozag
Hepliaklqana
Kikubaaqudgha
Makhleb
Nemelex Xobeh
Okawaru
Qazlal
Ru
Sif Muna
Trog
Uskayaw
Vehumet
Wu Jian
Xom
Yredelemnul
Zin
The Shining One
Jiyva
Lugonu


Innate Abilities, Weirdness & Mutations

You have a pair of horns on your head.
You reflexively headbutt those who attack you in melee.


Message History

The kobold brigand looks as sick as possible!
Your headbutt misses the kobold brigand.
The kobold brigand is heavily wounded.
The orc priest is no longer distracted by gold.
The centaur is no longer distracted by gold.
The centaur is distracted by your dazzling golden aura.
The kobold brigand is distracted by your dazzling golden aura.
The orc priest is distracted by your dazzling golden aura.
The kobold brigand shouts!
The orc priest shouts!
The centaur shouts!
You slash the kobold brigand!
You kill the kobold brigand!
Your Fighting skill increases to level 10!
Your Polearms skill increases to level 13!
Your Armour skill increases to level 10!
The centaur is no longer distracted by gold.
There is an open door to the Dungeon, spattered with blood here.
Things that are here:
207 gold pieces; a +0 short sword; 6 poisoned darts You slice the orc priest!!
You kill the orc priest!
The centaur wields a +0 shortbow.
The centaur shoots an arrow.
The arrow closely misses you.
The centaur is distracted by your dazzling golden aura.
The orc warrior closely misses you.
Things that are here:
45 gold pieces; a +0 hand axe You slice the centaur!!
The centaur looks as sick as possible!
The centaur is no longer distracted by gold.
You headbutt the centaur.
You kill the centaur!
The orc warrior hits you from afar with a +4 glaive!
The orc warrior hits you with a +4 glaive!!
* * * LOW HITPOINT WARNING * * *
Things that are here:
90 gold pieces; a +0 shortbow You slash the orc warrior!
The orc warrior is poisoned.
The orc warrior is moderately wounded.
The orc warrior hits you with a +4 glaive!
You die...
Your body crumbles into a pile of gold.

▓▓▓▓▓▓▓▓▓▓▓▓▓▓▓▓▓▓▓▓▓▓
____'!?).[[[..$$@o...+
▓▓▓▓▓▓▓▓▓▓▓▓▓▓▓▓▓▓▓▓▓▓
$ $$$


$$$$$ $ $ $ $$$$$ You could see an orc warrior (very poisoned).

Vanquished Creatures
  A troll (D)
  A hornet (D)
  A centaur (D)
  A phantom (D)
  A kobold brigand (D)
  An orc priest (D)
  2 adders (D)
  An ufetubus (D)
  An orc (D)
  2 endoplasms (D)
  A kobold (D)
  A frilled lizard (D)
  A rat (D)
15 creatures vanquished.

Notes
Turn   | Place    | Note
-------+----------+-------------------------------------------
     0 | D        | Heoruswealwe the Minotaur Fighter began the quest for the
                  | Orb.
     0 | D        | Reached XP level 1. HP: 19/19 MP: 0/0
     7 | D        | Reached skill level 3 in Polearms
    18 | D        | Noticed a phantom
    23 | D        | Reached skill level 4 in Polearms
    23 | D        | Reached XP level 2. HP: 28/28 MP: 1/1
    24 | D        | Reached skill level 5 in Polearms
    27 | D        | Reached skill level 5 in Fighting
    27 | D        | Reached skill level 5 in Armour
    40 | D        | Killed a phantom
    41 | D        | Reached skill level 8 in Polearms
    41 | D        | Reached XP level 3. HP: 28/38 MP: 2/2
    41 | D        | Reached XP level 4. HP: 33/45 MP: 3/3
    53 | D        | Found a snail-covered altar of Cheibriados.
    53 | D        | Found a shadowy altar of Dithmenos.
    53 | D        | Found a white marble altar of Elyvilon.
    53 | D        | Found a blossoming altar of Fedhas.
    53 | D        | Found an opulent altar of Gozag.
    54 | D        | Found a hazy altar of Hepliaklqana.
    55 | D        | Found a viscous altar of Jiyva.
    56 | D        | Found an ancient bone altar of Kikubaaqudgha.
    57 | D        | Found a corrupted altar of Lugonu.
    58 | D        | Found a burning altar of Makhleb.
    59 | D        | Found a sparkling altar of Nemelex Xobeh.
    60 | D        | Found an iron altar of Okawaru.
    61 | D        | Became a worshipper of Gozag Ym Sagoz the Greedy
    62 | D        | Found a stormy altar of Qazlal.
    63 | D        | Found a sacrificial altar of Ru.
    64 | D        | Found a shimmering blue altar of Sif Muna.
    65 | D        | Found a bloodstained altar of Trog.
    66 | D        | Found a hide-covered altar of Uskayaw.
    67 | D        | Found a radiant altar of Vehumet.
    68 | D        | Found an ornate altar of the Wu Jian Council.
    69 | D        | Found a shimmering altar of Xom.
    70 | D        | Found a basalt altar of Yredelemnul.
    71 | D        | Found a glowing silver altar of Zin.
    72 | D        | Found a glowing golden altar of the Shining One.
   103 | D        | Noticed a troll
   103 | D        | Noticed a hornet
   103 | D        | Noticed a kobold brigand
   103 | D        | Noticed a centaur
   103 | D        | Noticed an orc warrior
   107 | D        | Killed a troll
   108 | D        | Reached skill level 11 in Polearms
   108 | D        | Reached XP level 5. HP: 29/56 MP: 4/4
   108 | D        | Reached XP level 6. HP: 32/62 MP: 5/5
   109 | D        | Killed a hornet
   110 | D        | Reached skill level 12 in Polearms
   110 | D        | Reached XP level 7. HP: 29/71 MP: 6/6
   116 | D        | Reached skill level 10 in Fighting
   116 | D        | Reached skill level 13 in Polearms
   116 | D        | Reached skill level 10 in Armour
   120 | D        | HP: 3/73 [orc warrior/+4 glaive (20)]
   121 | D        | Mangled by an orc warrior

Illustrated notes

Levels and vault maps discovered:
D:        linesprint [early_d, line_temple, items_1, d_10, items_2, lair_1,
          lair_end, items_3, orc_1, orc_end, items_4, d_15, swamp_1, shoals_1,
          snake_1, spider_1, d_20, vaults_1, items_5, swamp_end, shoals_end,
          snake_end, spider_end, vaults_end, d_27, items_6, zot_1, zot_end,
          crypt_end, forest_end, elf_end, slime_end, tomb_end, abyss_end,
          pan_hell_end]

Skill      XL: |  1  2  3  4  5  6  7 |
---------------+----------------------+-----
Polearms       | 4 8 11 12 13 | 13.7
Fighting       | 4 6 8 9 10 | 10.4
Armour         | 4 6 8 9 10 | 10.4
Shields        | |  3.6

Action                     |  1- 3 |  4- 6 |  7- 9 || total
---------------------------+-------+-------+-------++-------
  Melee: Trident           |    27 |     4 |       ||    31
         Headbutt          |     3 |     2 |     1 ||     6
         Halberd           |       |     6 |     9 ||    15
 Armour: Scale mail        |    11 |     4 |     1 ||    16
  Dodge: Dodged            |     7 |     8 |     4 ||    19
  Block: Buckler           |     3 |     1 |       ||     4
